 Dungeon Crawl Stone Soup version 0.20-a0-1018-ge435b50 (webtiles) character file.

1863 Megalobster the Cleaver (level 8, 0/111 HPs)
             Began as a Minotaur Berserker on Apr 17, 2017.
             Was a Priest of Trog.
             Slain by a gnoll
             ... wielding a +0 club
              (3 damage)
             ... on level 6 of the Dungeon.
             The game lasted 00:10:51 (3784 turns).

Megalobster the Cleaver (Minotaur Berserker)        Turns: 3784, Time: 00:10:52

Health: 0/111      AC:  8    Str: 28    XL:     8   Next: 90%
Magic:  7/7        EV: 11    Int:  4    God:    Trog [***...]
Gold:   358        SH:  0    Dex: 11    Spells: 7/7 levels left

rFire    + . .     SeeInvis .   H - +3 hand axe (chop)
rCold    . . .     Gourm    .   (no shield)
rNeg     . . .     Faith    .   j - +0 ring mail
rPois    .         Spirit   .   (helmet restricted)
rElec    .         Reflect  .   G - +0 cloak
rCorr    .         Harm     .   f - +0 pair of gloves
MR       ++...                  (no boots)
Stlth    ..........             (no amulet)
Regen    1.3/turn               v - ring of protection from fire
MPRegen  0.1/turn               (no ring)

@: berserking, regenerating, very quick
A: retaliatory headbutt, horns 2
a: Berserk, Trog's Hand, Burn Spellbooks, Renounce Religion


You were on level 6 of the Dungeon.
You worshipped Trog.
Trog was most pleased with you.
You were hungry.

You visited 1 branch of the dungeon, and saw 6 of its levels.

You collected 358 gold pieces.

Inventory:

Hand Weapons
 a - a cursed -1 spear
 n - a +0 hunting sling
 H - a +3 hand axe of chopping (weapon)
Missiles
 g - 15 tomahawks (quivered)
 q - 135 stones
 I - 6 javelins of returning
Armour
 f - a +0 pair of gloves (worn)
 j - a +0 ring mail (worn)
 u - a +0 ring mail
 y - a +0 scale mail
 D - a +0 chain mail
 G - a +0 cloak (worn)
Jewellery
 v - a ring of protection from fire (left hand)
Wands
 C - a wand of confusion (22/48)
 E - a wand of flame (23/48)
Scrolls
 d - 2 scrolls of remove curse
 e - 7 scrolls of identify
 i - a scroll of noise
 l - 2 scrolls of fear
 o - 2 scrolls of fog {unknown}
 s - 2 scrolls of teleportation {unknown}
 t - a scroll of immolation {unknown}
 w - a scroll of blinking {unknown}
 x - a scroll of enchant armour {unknown}
Potions
 b - a potion of brilliance {unknown}
 h - 2 potions of resistance
 k - 2 potions of haste
 p - 2 potions of flight {unknown}
 r - a potion of lignification {unknown}
 z - a potion of curing {unknown}
 A - 2 potions of agility {unknown}
 B - a potion of might {unknown}
 F - 2 potions of heal wounds
 K - a potion of mutation {unknown}
Comestibles
 c - 6 bread rations
 m - 2 royal jellies
 J - 4 fruits


   Skills:
 + Level 7.9 Fighting
 * Level 10.0 Axes
 + Level 4.2 Throwing
 + Level 5.6 Armour
 - Level 2.1 Dodging


You had 7 spell levels left.
You didn't know any spells.

Dungeon Overview and Level Annotations

Branches:
Dungeon (6/15)             Temple (0/1) D:5

Altars:
Ashenzari
Cheibriados
Gozag
Okawaru
Qazlal
Xom
Zin


Innate Abilities, Weirdness & Mutations

You reflexively headbutt those who attack you in melee.
You have a pair of horns on your head.


Message History

Your Axes skill increases to level 9!
An iguana comes into view.
The iguana hisses angrily.
You slash the two-headed ogre!
The two-headed ogre is almost dead.
You hit the gnoll. You hit the wyvern zombie. The wyvern zombie bites you!
* * * LOW HITPOINT WARNING * * *
The two-headed ogre hits you with a giant spiked club!
* * * LOW HITPOINT WARNING * * *
The two-headed ogre hits you but does no damage.
You slash the two-headed ogre!
You kill the two-headed ogre!
Trog accepts your kill.
Your Axes skill increases to level 10!
Your Throwing skill increases to level 4!
Your Armour skill increases to level 5!
You slash the wyvern zombie! You barely miss the gnoll.
You feel the effects of Trog's Hand fading.
The gnoll hits you with a club.
You die...

.... ....# .....
...# ...## .
#..### .l#
..######..g#.....
.......<.@)gg....
#..#...#F#Zo....#
#....o#......#
#.....>>#.....
#.......#####.#
........## #
.#...s#..#
........#


You could see a bullfrog, a scorpion, an iguana, 3 gnolls, 2 orcs and a wyvern
zombie.

Vanquished Creatures
  A two-headed ogre (D:6)
  A water moccasin (D:6)
  2 sky beasts
  A phantom (D:4)
  A bullfrog (D:6)
  A scorpion (D:4)
  The ghost of Zoots the Shield-Bearer, a weakling GrFi (D:4)
  5 crimson imps (D:5)
  2 orc priests
  2 hounds
  A bullfrog skeleton (D:5)
  An iguana (D:4)
  2 orc wizards
  4 worker ants
  A hound zombie (D:5)
  A hound skeleton (D:5)
  A howler monkey zombie (D:5)
  A worker ant zombie (D:5)
  2 adders (D:5)
  A shadow imp (D:5)
  3 oozes (D:1)
  An adder skeleton (D:5)
  An adder zombie (D:5)
  2 dart slugs (D:1)
  3 leopard geckos
  16 orcs
  2 ball pythons
  3 giant cockroaches
  3 goblins
  7 hobgoblins
  10 jackals
  A quokka (D:5)
  8 bats
  A frilled lizard (D:2)
  A kobold (D:1)
  A quokka zombie (D:5)
  4 rats
99 creatures vanquished.

Notes
Turn   | Place    | Note
-------+----------+-------------------------------------------
     0 | D:1      | Megalobster the Minotaur Berserker began the quest for the Orb.
     0 | D:1      | Reached XP level 1. HP: 19/19 MP: 0/0
    77 | D:1      | Reached skill level 4 in Axes
    77 | D:1      | Reached XP level 2. HP: 23/27 MP: 1/1
   313 | D:1      | Reached XP level 3. HP: 32/34 MP: 2/2
   886 | D:2      | Reached ** piety under Trog
  1015 | D:2      | Found an iron altar of Okawaru.
  1351 | D:2      | Found a snail-covered altar of Cheibriados.
  1351 | D:2      | Found a shattered altar of Ashenzari.
  1672 | D:3      | Reached skill level 5 in Axes
  1672 | D:3      | Reached XP level 4. HP: 41/41 MP: 3/3
  1982 | D:4      | Noticed a phantom
  1995 | D:4      | Killed a phantom
  1995 | D:4      | Reached skill level 5 in Fighting
  1995 | D:4      | Reached skill level 6 in Axes
  1995 | D:4      | Reached XP level 5. HP: 33/48 MP: 4/4
  2453 | D:4      | Found a stormy altar of Qazlal.
  2494 | D:4      | Reached XP level 6. HP: 48/57 MP: 5/5
  2518 | D:4      | Reached skill level 1 in Throwing
  2630 | D:4      | Noticed Zoots's ghost (weakling GrFi)
  2640 | D:4      | Killed Zoots's ghost
  2640 | D:4      | Reached skill level 7 in Axes
  3137 | D:5      | Entered Level 5 of the Dungeon
  3137 | D:5      | Found a staircase to the Ecumenical Temple.
  3137 | D:5      | Noticed a sky beast
  3145 | D:5      | Killed a sky beast
  3145 | D:5      | Reached XP level 7. HP: 56/63 MP: 6/6
  3209 | D:5      | Found a glowing silver altar of Zin.
  3209 | D:5      | Found an opulent altar of Gozag.
  3309 | D:5      | Reached *** piety under Trog
  3430 | D:5      | Reached skill level 8 in Axes
  3605 | D:5      | Found a shimmering altar of Xom.
  3772 | D:6      | Noticed a two-headed ogre
  3778 | D:6      | Reached XP level 8. HP: 73/73 MP: 7/7
  3782 | D:6      | Reached skill level 9 in Axes
  3783 | D:6      | HP: 2/109 [two-headed ogre/giant spiked club (8)]
  3784 | D:6      | Killed a two-headed ogre
  3784 | D:6      | Reached skill level 10 in Axes
  3784 | D:6      | Reached skill level 5 in Armour
  3784 | D:6      | Slain by a gnoll

Vault maps used:
D:1:      dpeg_arrival_boxes_within_box
D:2:      grunt_temple_overflow_open, okawaru_metal_pillars_1_2
D:4:      nicolae_qazlal_general_emergency
D:5:      grunt_temple_overflow_gold_and_silver, led_xom_imps,
          minmay_temple_entry_statues_fountains, first_bread
D:6:      mrwooster_statue_mirror, kennysheep_another_room, uniq_pikel

Skill      XL: |  1  2  3  4  5  6  7  8 |
---------------+-------------------------+-----
Fighting       | 4 5 6 7 |  7.9
Axes           | 4 5 6 7 8 10 | 10.0
Throwing       | 1 2 4 |  4.2
Armour         | 3 4 5 |  5.6
Dodging        | |  2.1

Action                   |  1- 3 |  4- 6 |  7- 9 || total
-------------------------+-------+-------+-------++-------
Melee: Hand axe          |    66 |    88 |    71 ||   225
       Headbutt          |    17 |    19 |    13 ||    49
Throw: Tomahawk          |       |       |     4 ||     4
Invok: Berserk           |     1 |       |     2 ||     3
       Burn Spellbooks   |       |     1 |       ||     1
       Trog's Hand       |       |       |     3 ||     3
  Use: Scroll            |       |     6 |       ||     6
 Stab: Sleeping          |     2 |       |       ||     2
  Eat: Chunk             |     1 |     6 |     4 ||    11
       Fruit             |     1 |       |       ||     1
Armor: Animal skin       |    13 |       |       ||    13
       Ring mail         |     2 |    30 |    33 ||    65
Dodge: Dodged            |    41 |    38 |    39 ||   118
